 Dungeon Crawl Stone Soup version 0.16-a0-4088-g7c8221e (console) character file.

179 MarvinPA the Slasher (level 5, 0/38 HPs)
             Began as a Mummy Warper on Feb 23, 2015.
             Slain by a gnoll
             ... wielding a +0 halberd
              (10 damage)
             ... on level 4 of the Dungeon.
             The game lasted 00:09:13 (4484 turns).

MarvinPA the Slasher (Mummy Warper)                 Turns: 4484, Time: 00:09:13

Health: 0/38       AC:  7    Str: 15    XL:     5   Next: 32%
Magic:  4/9        EV: 11    Int: 12    God:
Gold:   114        SH:  0    Dex: 11    Spells: 3 memorised, 3 levels left

rFire  x . .     SeeInvis .     i - -2 short sword (curse)
rCold  + + .     Clarity  .     b - +3 leather armour {rC+}
rNeg   + + +     SustAb   .     (no shield)
rPois  ∞         Gourm    .     (no helmet)
rElec  .         Spirit   .     (no cloak)
rCorr  +         Warding  .     p - +0 pair of gloves
rMut   .         Stasis   .     (no boots)
MR     .....                    j - amulet of resist corrosion
Stlth  ++........               (no ring)
                                o - ring of stealth

@: not resistant to hostile enchantments, unstealthy
A: no food or potions, fire vulnerability, restore body, cold resistance 1,
negative energy resistance 3, poison resistance, torment resistance, unbreathing
a: no special abilities


You were on level 4 of the Dungeon.
You were not hungry.

You visited 1 branch of the dungeon, and saw 4 of its levels.

You collected 114 gold pieces.


Innate Abilities, Weirdness & Mutations

You do not eat or drink.
Your flesh is vulnerable to fire.
Your flesh is cold resistant.
You are immune to negative energy.
Your system is resistant to poisons.
You are immune to unholy pain and torment.
You can survive without breathing.


   Skills:
 - Level 2.0 Fighting
 + Level 4.2 Long Blades
 - Level 0.7 Throwing
 - Level 0.7 Armour
 - Level 1.5 Dodging
 - Level 2.0 Spellcasting
 + Level 1.6 Charms
 - Level 2.4 Translocations


You had 3 spell levels left.
You knew the following spells:

 Your Spells              Type           Power        Failure   Level  Hunger
a - Shroud of Golubria    Chrm/Tloc      #.........   21%         2    N/A
b - Blink                 Tloc           N/A          21%         2    N/A
e - Apportation           Tloc           #.........   14%         1    N/A

Inventory:

Hand weapons
 a - a +0 falchion
 i - a cursed -2 short sword (weapon)
 l - a +0 great sword
Missiles
 e - 5 tomahawks of dispersal {=f}
 g - 17 poisoned needles
 h - 147 stones (quivered)
Armour
 b - a +3 leather armour of cold resistance (worn)
 p - a +0 pair of gloves (worn)
Jewellery
 j - an amulet of resist corrosion (around neck)
 k - an amulet of faith {!P}
 o - a ring of stealth (left hand)
Scrolls
 d - 2 scrolls of blinking
 f - 2 scrolls of noise {!r}
 m - 2 scrolls of identify {@r1}
 q - 2 scrolls of fog
Books
 c - a book of Spatial Translocations

Dungeon Overview and Level Annotations

Branches:
Dungeon (4/15)
 Temple: D:4-7

Altars:
Ru
Zin

.##
##...###############.#
#.... ##
##.......#..........#
#####
#..####.#.#######..# #
#..# #.#.# #####..# #
#..####.#.# #......# #
#....##.#.# #.###.##
####.#.##.#.# #†# #.#
#.......#.#.###.##..##
##.#.......#M.........#
+..........g............
###.....########.#....##
#.#.### #....#.# #.###
#.##.# # #.# #.# .# ###
#.# #.# .# .. #.# #.. #.
#.# #


You could see a gnoll.


Message History

The gnoll is lightly wounded.
The gnoll hits you with a halberd.
Cast which spell?
Space distorts slightly along a thin shroud covering your body.
Your magical contamination has completely faded away.
You hit the gnoll.
The gnoll is moderately wounded.
The gnoll hits you with a halberd!
* * * LOW HITPOINT WARNING * * *
Your shroud falls apart!
The gnoll barely misses you.
Cast which spell?
Space distorts slightly along a thin shroud covering your body.
Your shroud bends the gnoll's attack away!
The gnoll barely misses you.
You hit the gnoll.
The gnoll is heavily wounded.
You hit the gnoll but do no damage.
The gnoll is heavily wounded.
The gnoll closely misses you.
You hit the gnoll but do no damage.
The gnoll is heavily wounded.
The gnoll barely misses you.
You hit the gnoll but do no damage.
The gnoll is heavily wounded.
The gnoll closely misses you.
You hit the gnoll.
The gnoll is severely wounded.
The gnoll hits you with a halberd!
You die...

Action                   |  1- 3 |  4- 6 || total
-------------------------+-------+-------++-------
Melee: Falchion          |   149 |   113 ||   262
       Short sword       |       |    98 ||    98
Throw: Stone             |    60 |    31 ||    91
 Cast: Shroud of Golubri |     2 |    20 ||    22
  Use: Scroll            |       |     7 ||     7

Vault maps used:
D:1:      scummos_arrival_simple_fountains
D:2:      zin_academy, lemuel_tele_altar
D:3:      nicolae_ru_sacrificial_ziggurat, uniq_iyjb, uniq_crazy_yiuf_cottage
D:4:      kennysheep_mini_moat, enter_ossuary_5, serial_shops,
          nicolae_shop_crystal, first_bread, uniq_pikel

Notes
Turn   | Place    | Note
--------------------------------------------------------------
     0 | D:1      | MarvinPA, the Mummy Warper, began the quest for the Orb.
     0 | D:1      | Reached XP level 1. HP: 16/16 MP: 3/3
    62 | D:1      | Reached skill level 2 in Long Blades
   289 | D:1      | Reached XP level 2. HP: 19/22 MP: 4/4
   293 | D:1      | Learned a level 2 spell: Blink
   296 | D:1      | Learned a level 2 spell: Shroud of Golubria
  1023 | D:2      | Reached XP level 3. HP: 6/27 MP: 6/6
  1324 | D:2      | Found a sacrificial altar of Ru.
  1375 | D:2      | Reached skill level 3 in Long Blades
  1697 | D:2      | Found a glowing silver altar of Zin.
  1882 | D:2      | Reached XP level 4. HP: 7/33 MP: 1/7
  2891 | D:3      | Noticed Ijyb
  3018 | D:3      | HP: 3/33 [Ijyb (2)]
  3024 | D:3      | HP: 3/33 [Ijyb (1)]
  3025 | D:3      | HP: 1/33 [Ijyb (2)]
  3027 | D:3      | Killed Ijyb
  3183 | D:3      | epic battle
  3375 | D:3      | Reached skill level 1 in Charms
  3620 | D:2      | good
  3637 | D:2      | Reached skill level 4 in Long Blades
  3672 | D:3      | Found a sacrificial altar of Ru.
  3707 | D:3      | Reached XP level 5. HP: 24/38 MP: 3/9
  4409 | D:4      | Noticed an ogre
  4484 | D:4      | Slain by a gnoll

Vanquished Creatures
  An orc wizard (D:3)
  Ijyb (D:3)
  A gnoll (D:4)
  8 adders
  2 giant geckos (D:1)
  An ooze (D:3)
  5 orcs
  10 bats
  2 giant cockroaches (D:2)
  8 hobgoblins
  A ball python (D:3)
  5 giant newts
  4 goblins
  4 kobolds
  A quokka (D:3)
  6 rats
60 creatures vanquished.
